 Dungeon Crawl Stone Soup version 0.23-a0-405-g368ce00 (webtiles) character file.

6 MisterFreud the Scratcher (level 1, 0/9 HPs)
             Began as a Felid Transmuter on Nov 6, 2018.
             Slain by a bat (1 damage)
             ... on level 1 of the Dungeon.
             The game lasted 00:01:15 (427 turns).

MisterFreud the Scratcher (Felid Transmuter)         Turns: 427, Time: 00:01:15

Health: 0/9        AC:  1    Str:  6    XL:     1   Next: 75%
Magic:  4/4        EV: 18    Int: 14    God:
Gold:   11         SH:  0    Dex: 16    Spells: 3/4 levels left
                                        Lives:  0   Deaths: 0

rFire    . . .     SeeInvis +     - Unarmed
rCold    . . .     Gourm    .   (shield unavailable)
rNeg     . . .     Faith    .   (armour unavailable)
rPois    .         Spirit   .   (helmet unavailable)
rElec    .         Reflect  .   (cloak unavailable)
rCorr    .         Harm     .   (gloves unavailable)
MR       .....                  (boots unavailable)
Stlth    +++.......             (no amulet)
HPRegen  0.03/turn              (no ring)
MPRegen  0.09/turn              (no ring)

@: appendage (expiring), quick
A: very small, no armour, no weapons or thrown items, stealth, claws 1, fangs 3,
horns 2, see invisible, carnivore, speed 1, shaggy fur 1, slow metabolism 1,
sharp paws
a: End Transformation


You were on level 1 of the Dungeon.
You were not hungry.
You had grown temporary horns.
You visited 1 branch of the dungeon, and saw 2 of its levels.

You collected 11 gold pieces.

Inventory:

Missiles
 a - 12 arrows
Scrolls
 b - a scroll of blinking {unknown}
Comestibles
 c - a ration


   Skills:
 - Level 1.0 Fighting
 - Level 2.6 Dodging
 + Level 2.2 Stealth
 - Level 3.0 Unarmed Combat
 - Level 2.0 Spellcasting
 - Level 2.1 Transmutations


You had 3 spell levels left.
You knew the following spells:

 Your Spells              Type           Power        Failure   Level  Hunger
a - Beastly Appendage     Tmut           #.....       10%         1    ##.....

Your spell library contained the following spells:

 Spells                   Type           Power        Failure   Level  Hunger
 Sticks to Snakes         Tmut           #.......     14%         2    ###....
 Spider Form              Tmut/Pois      #.........   41%         3    ####...
 Ice Form                 Ice/Tmut       #.......     83%         4    #####..
 Blade Hands              Tmut           #.........   95%         5    ######.


Dungeon Overview and Level Annotations

Branches:
Dungeon (2/15)

Altars:


Innate Abilities, Weirdness & Mutations

You cannot wear armour.
You are incapable of wielding weapons or throwing items.
Your paws allow you to move quietly. (Stealth)
You have sharp claws.
You have razor-sharp teeth.
You have supernaturally acute eyesight. (SInv)
You are carnivorous and can eat meat at any time.
You cover ground quickly.
You are covered in fur. (AC +1)
You have a slow metabolism.
Your sharp claws are effective at attacking unaware monsters.
You have a pair of horns on your head.


Message History

You closely miss the bat. Your bite misses the bat. The bat hits you.
You scratch the frilled lizard.
You kill the frilled lizard!
You scratch the bat but do no damage. Your headbutt misses the bat.
You bite the bat.
The bat is moderately wounded.
Your transformation is almost over.
The bat hits you.
You scratch the bat but do no damage.
The bat is moderately wounded.
The bat hits you but does no damage. The kobold misses you.
You miss the bat. Your headbutt misses the bat.
The bat is moderately wounded.
The bat hits you but does no damage. The bat completely misses you.
The kobold hits you with a +0 club.
* * * LOW HITPOINT WARNING * * *
A bat comes into view.
The bat misses you. The bat closely misses you. The bat hits you.
You die...

.........)#...#####
..........##..#####
.......##)..........
.........#.##+######
.........†.K.>..#
.........##.....#
#........##.....#
#........##b....#
+........##@....#
#......#.#......#
#......#+#......#
....... ..........
....... ........###
.....b...+
....##....# .....
.....


You could see 2 bats and a kobold.

Vanquished Creatures
  2 hobgoblins
  A bat (D:1)
  2 frilled lizards
  A goblin (D:1)
  A kobold (D:1)
7 creatures vanquished.

Notes
Turn   | Place    | Note
-------+----------+-------------------------------------------
     0 | D:1      | MisterFreud the Felid Transmuter began the quest for the
                  | Orb.
     0 | D:1      | Reached XP level 1. HP: 9/9 MP: 4/4
   173 | D:2      | Reached skill level 1 in Stealth
   427 | D:1      | Slain by a bat

Vault maps used:
D:1:      psy_arrival_fountain
D:2:      uniq_robin

Skill      XL: |  1 |
---------------+----+-----
Stealth        | 2 |  2.2
Fighting       | |  1.0
Dodging        | |  2.6
Unarmed Combat | |  3.0
Spellcasting   | |  2.0
Transmutations | |  2.1

Action                   || total
-------------------------++-------
Melee: Unarmed           ||    28
       Headbutt          ||     2
       Bite              ||     2
 Cast: Beastly Appendage ||     7
  Eat: Chunk             ||     1
Armor: Skin              ||     7
Dodge: Dodged            ||    42

Table legend:
 A = Non-vault XP
 B = Vault XP
 C = Vault XP percentage of total XP
 D = Non-vault monster count
 E = Vault monster count
 F = Vault count percentage of total count
                 A         B        C        D         E       F
            +---------+---------+-------+---------+---------+-------
      Total |       9 |       0 |   0.0 |       7 |       0 |   0.0
            +---------+---------+-------+---------+---------+-------
        D:1 |       6 |       0 |   0.0 |       5 |       0 |   0.0
        D:2 |       3 |       0 |   0.0 |       2 |       0 |   0.0
            +---------+---------+-------+---------+---------+-------
